 Dungeon Crawl Stone Soup version 0.18.1-50-g88ac8fd (webtiles) character file.

2823 Gargoyl the Covered (level 9, 0/103 HPs)
             Began as a Demonspawn Abyssal Knight on Sept 20, 2016.
             Was an Elder of Lugonu.
             Engulfed by a steam dragon's steam (4 damage)
             ... on level 8 of the Dungeon.
             The game lasted 00:19:32 (9254 turns).

Gargoyl the Covered (Demonspawn Abyssal Knight)     Turns: 9254, Time: 00:19:32

Health: 0/103      AC: 24    Str: 16    XL:     9   Next: 45%
Magic:  8/11       EV:  2    Int: 13    God:    Lugonu [****..]
Gold:   482        SH: 14    Dex: 16    Spells: 0 memorised, 8 levels left

rFire  . . .     SeeInvis +     L - +0 war axe
rCold  . . .     Gourm    .     (armour currently unavailable)
rNeg   + + +     Faith    .     B - +0 large shield
rPois  +         Spirit   .     (helmet currently unavailable)
rElec  .         Dismiss  .     (cloak currently unavailable)
rCorr  .         Reflect  .     (gloves currently unavailable)
SustAt .         Harm     .     (boots currently unavailable)
MR     +....     NoTele   +     e - amulet of magic regeneration
Stlth  +.........               v - ring of see invisible
                                y - +3 ring of dexterity

@: tree-form, drained, somewhat resistant to hostile enchantments, very
unstealthy
A: (slimy green scales 0), magic resistance 1, powered by death 1, (shaggy fur
0), subdued magic 1, MP-powered wands, (sturdy frame 0)
a: Depart the Abyss, Bend Space, Banish, Corrupt, Renounce Religion


You were on level 8 of the Dungeon.
You worshipped Lugonu.
Lugonu was greatly pleased with you.
You were not hungry.
You were a tree.
You visited 1 branch of the dungeon, and saw 8 of its levels.
You visited the Abyss 1 time.

You collected 482 gold pieces.

Inventory:

Hand Weapons
 a - a +1 hand axe
 L - a +0 war axe (weapon)
Missiles
 E - 2 javelins (quivered)
Armour
 d - a +0 plate armour (melded)
 f - a +0 cloak (melded)
 m - a +1 helmet (melded)
 o - a +0 pair of boots (melded)
 t - a +0 pair of gloves (melded)
 B - a +0 large shield (worn)
Jewellery
 e - an amulet of magic regeneration (around neck)
 h - an uncursed ring of flight
 v - a ring of see invisible (right branch)
 y - a +3 ring of dexterity (left branch)
Wands
 l - a wand of random effects (33/48)
 p - a wand of digging (24/24)
 G - a wand of iceblast (3/15)
Scrolls
 g - 2 scrolls of identify
 j - 3 scrolls of teleportation
 n - 3 scrolls of random uselessness {unknown}
 u - a scroll of torment {unknown}
 x - 2 scrolls of recharging
 A - 3 scrolls of remove curse
 D - a scroll of enchant weapon {unknown}
 F - a scroll of fog {unknown}
 I - a scroll of magic mapping {unknown}
 K - a scroll of noise {unknown}
Potions
 b - 2 potions of degeneration
 i - 3 potions of flight
 k - a potion of lignification
 C - a potion of cancellation
Books
 q - a book of Power

   Spells                             Type                      Level
   a - Fulminant Prism                Conjuration/Hexes            4
   b - Iskenderun's Mystic Blast      Conjuration                  4
   c - Venom Bolt                     Conjuration/Poison           5
   d - Bolt of Magma                  Conjuration/Fire/Earth       5
   e - Iron Shot                      Conjuration/Earth            6
   f - Orb of Destruction             Conjuration                  7
   g - Spellforged Servitor           Conjuration/Summoning        7
Comestibles
 c - 7 bread rations
 r - 2 slices of pizza
 s - 3 meat rations
 w - 7 fruits
 z - 2 beef jerkies
 J - 3 chunks of flesh


   Skills:
 + Level 5.7(5.4) Fighting
 + Level 5.1(4.9) Axes
 * Level 6.8(6.6) Armour
 + Level 5.3(5.0) Dodging
 + Level 0.2(0.0) Stealth
 + Level 4.6(4.4) Shields
 + Level 3.4(3.1) Invocations


You had 8 spell levels left.
You didn't know any spells.

Dungeon Overview and Level Annotations

Branches:
Dungeon (8/15)
 Temple: D:4-7         Lair: D:8-11

Altars:
Cheibriados
Pakellas
Zin


Innate Abilities, Weirdness & Mutations

((You are mostly covered in slimy green scales (AC +3).))
You regenerate a little health from kills.
You are resistant to hostile enchantments.
((You are covered in fur (AC +1).))
Your spells are a little easier to cast, but a little less powerful.
You expend magic power (3 MP) to strengthen your wands.
((Your movements are slightly less encumbered by armour (ER -2).))


Message History

The steam dragon claws you but does no damage.
Press: ? - help, Shift-Dir - straight line, f/p - steam dragon
Aim: a steam dragon (heavily wounded, chance to defeat MR: 81%)
You fail to use your ability.
The steam dragon breathes steam at you. The ball of steam hits you!
Press: ? - help, Shift-Dir - straight line, f/p - steam dragon
Aim: a steam dragon (heavily wounded, catching its breath, chance to defeat MR: 81%)
You fail to use your ability.
You are engulfed in a cloud of scalding steam.
The steam dragon bites you but does no damage.
The steam dragon completely misses you.
Zapping:
l - a wand of random effects (34/48)
Press: ? - help, Shift-Dir - straight line, f/p - steam dragon
Aim: a steam dragon (heavily wounded, catching its breath)
The puff of flame hits the steam dragon.
The steam dragon is heavily wounded.
This wand has 33 charges left.
You are engulfed in a cloud of scalding steam.
You die...

#...#
##...#####.###...).....#
..............>........#
##...#####.............#
#...# ###...........#
#...# #.............#
#...# #.#...........#
###'## #.#.........#
....# #......♣D...# ..).#
###.........# ....#
#.........# ###.#
#.........# ###.#
#.........# ....#
#.........#
##..########.........#
##..............#########
.....############.......#


You could see a steam dragon.

Vanquished Creatures
  Menkaure (D:7)
  An orc warrior (D:8)
  3 sky beasts
  A black bear (D:7)
  4 ogres
  5 centaurs
  A crocodile (D:7)
  A big kobold (D:8)
  4 giant frogs
  2 scorpions
  A howler monkey (D:3)
  A giant frog skeleton (D:7)
  3 orc priests
  3 centaur skeletons
  4 hounds
  3 orc wizards
  Ijyb (D:3)
  2 iguanas
  4 worker ants
  A hound zombie (D:5)
  2 hound skeletons (D:6)
  2 worker ant zombies (D:5)
  Robin (D:3)
  14 adders
  A river rat (D:4)
  4 shadow imps
  2 oozes
  2 adder skeletons (D:7)
  3 worms
  12 dart slugs
  4 giant geckos
  25 orcs
  13 giant cockroaches
  16 goblins
  6 hobgoblins
  6 jackals
  4 quokkas
  A ball python (D:1)
  3 bats (D:3)
  A giant gecko zombie (D:5)
  10 giant newts
  17 kobolds
  2 quokka skeletons
  7 rats
204 creatures vanquished.

Vanquished Creatures (others)
  A crimson imp (D:6)
1 creature vanquished.

Grand Total: 205 creatures vanquished

Notes
Turn   | Place    | Note
--------------------------------------------------------------
     0 | Abyss:1  | Gargoyl the Demonspawn Abyssal Knight began the quest for the Orb.
     0 | Abyss:1  | Reached XP level 1. HP: 18/18 MP: 2/2
     4 | Abyss:1  | Found an opulent altar of Gozag.
    56 | Abyss:1  | Noticed a tentacled starspawn
    60 | Abyss:2  | Found a corrupted altar of Lugonu.
   104 | Abyss:2  | Noticed a small abomination
   119 | Abyss:2  | Noticed a neqoxec
   141 | Abyss:3  | Noticed a sun demon
   157 | Abyss:4  | Noticed a large abomination
   172 | Abyss:4  | Noticed a thrashing horror
   173 | Abyss:4  | Noticed a thrashing horror
   173 | D:1      | Escaped the Abyss
   623 | D:1      | Gained mutation: You are partially covered in slimy green scales (AC +2). [demonic ancestry]
   623 | D:1      | Reached XP level 2. HP: 17/24 MP: 3/3
   740 | D:1      | Reached * piety under Lugonu
   855 | D:1      | Reached skill level 2 in Armour
  1237 | D:2      | Reached skill level 1 in Dodging
  1302 | D:2      | Reached XP level 3. HP: 29/29 MP: 4/4
  1636 | D:2      | Reached ** piety under Lugonu
  2159 | D:2      | Reached XP level 4. HP: 22/37 MP: 6/6
  2579 | D:3      | Noticed Robin
  2598 | D:3      | Killed Robin
  2780 | D:3      | Noticed Ijyb
  2826 | D:3      | Killed Ijyb
  2914 | D:3      | Reached XP level 5. HP: 41/42 MP: 7/7
  2974 | D:3      | Reached skill level 3 in Armour
  3163 | D:3      | Gained mutation: You expend magic power (3 MP) to strengthen your wands. [potion of mutation]
  3163 | D:3      | Gained mutation: Your movements are slightly less encumbered by armour (ER -2). [potion of mutation]
  3163 | D:3      | Gained mutation: You are clumsy. (Dex -2) [potion of mutation]
  3588 | D:3      | Gained mutation: You are mostly covered in slimy green scales (AC +3). [demonic ancestry]
  3588 | D:3      | Reached XP level 6. HP: 43/48 MP: 8/8
  3893 | D:4      | Found an oddly glowing altar of Pakellas.
  3947 | D:4      | Reached *** piety under Lugonu
  4293 | D:5      | Entered Level 5 of the Dungeon
  4308 | D:5      | Reached skill level 1 in Shields
  4650 | D:5      | Reached skill level 4 in Armour
  4949 | D:5      | Reached XP level 7. HP: 48/54 MP: 9/9
  5675 | D:5      | Reached **** piety under Lugonu
  5948 | D:5      | Noticed an angel
  5949 | D:5      | Found a glowing silver altar of Zin.
  6379 | D:6      | Reached skill level 5 in Armour
  6424 | D:6      | Reached XP level 8. HP: 55/61 MP: 10/10
  7199 | D:6      | Found a snail-covered altar of Cheibriados.
  7551 | D:7      | Noticed Menkaure
  7571 | D:7      | Killed Menkaure
  7571 | D:7      | Reached skill level 6 in Armour
  7571 | D:7      | Reached skill level 5 in Dodging
  7966 | D:7      | Reached skill level 5 in Fighting
  8466 | D:7      | Gained mutation: You regenerate a little health from kills. [demonic ancestry]
  8466 | D:7      | Reached XP level 9. HP: 66/68 MP: 11/11
  9146 | D:8      | Reached skill level 5 in Axes
  9164 | D:8      | Gained mutation: You are covered in fur (AC +1). [mutagenic meat]
  9165 | D:8      | Gained mutation: Your spells are a little easier to cast, but a little less powerful. [mutagenic meat]
  9166 | D:8      | Gained mutation: You are resistant to hostile enchantments. [mutagenic meat]
  9167 | D:8      | Lost mutation: You are clumsy. (Dex -2) [mutagenic meat]
  9248 | D:8      | HP: 3/103 [steam dragon/ball of steam (9)]
  9254 | D:8      | Engulfed by a steam dragon's steam

Skill      XL: |  1  2  3  4  5  6  7  8  9 |
---------------+----------------------------+-----
Armour         | 2 3 4 5 6 |  6.8
Dodging        | 1 2 3 4 5 |  5.3
Axes           | 2 3 4 5 |  5.1
Fighting       | 4 5 |  5.7
Shields        | 1 2 3 4 |  4.6
Invocations    | 3 |  3.4
Stealth        | |  0.2

Action                   |  1- 3 |  4- 6 |  7- 9 || total
-------------------------+-------+-------+-------++-------
Melee: Hand axe          |   139 |   487 |   607 ||  1233
       War axe           |       |       |    83 ||    83
Throw: Javelin           |       |       |     2 ||     2
Invok: Depart the Abyss  |     1 |       |       ||     1
       Banish            |       |       |     2 ||     2
Evoke: Wand              |       |       |     2 ||     2
  Use: Scroll            |     4 |     2 |     7 ||    13
       Potion            |       |     9 |     7 ||    16
  Eat: Chunk             |     4 |     6 |    21 ||    31
       Bread ration      |       |     1 |       ||     1
Armor: Leather armour    |     6 |       |       ||     6
       Ring mail         |   110 |    99 |       ||   209
       Scale mail        |       |   273 |   336 ||   609
       Skin              |       |    62 |    38 ||   100
       Chain mail        |       |       |    55 ||    55
       Plate armour      |       |       |    29 ||    29
Dodge: Dodged            |   111 |   278 |   253 ||   642
Block: Shield            |       |   106 |   210 ||   316
       Large shield      |       |       |   254 ||   254
